 Dungeon Crawl Stone Soup version 0.29.1-2-gbd0b4ee654 (webtiles) character file.

Game seed: 2752803974120969649

693 Icepheonix32 the Changer (level 7, 0/43 HPs)
             Began as an Octopode Transmuter on Nov 18, 2022.
             Was an Initiate of Gozag.
             Slain by a scorpion (7 damage)
             ... on level 6 of the Dungeon.
             The game lasted 00:12:04 (7125 turns).

Icepheonix32 the Changer (Octopode Transmuter)      Turns: 7125, Time: 00:12:06

Health: 0/43       AC:  1    Str: 15    XL:     7   Next: 64%
Magic:  10/10      EV: 13    Int: 16    God:    Gozag
Gold:   286        SH:  0    Dex: 14    Spells: 3/10 levels left

rFire   x . .      SeeInvis +     - Unarmed
rCold   + . .      Faith    .   (no shield)
rNeg    . . .      Spirit   .   (helmet currently unavailable)
rPois   .          Reflect  .   (no amulet)
rElec   .          Harm     .   k - ring of ice
rCorr   .          Rampage  .   o - ring of see invisible
Will    .....                   y - +6 ring of strength
Stlth   ++........              (no ring)
HPRegen 0.14/turn               (no ring)
MPRegen 0.12/turn               (no ring)
                                (no ring)
                                (no ring)

@: lethally poisoned (0 -> -2), appendages, gold aura
A: tentacle spike 3, almost no armour, amphibious, 8 rings, camouflage 1,
gelatinous body 1, (nimble swimmer 1), tentacles
a: End Transformation, Renounce Religion, Potion Petition, Call Merchant, Bribe
Branch


You were on level 6 of the Dungeon.
You worshipped Gozag.
Gozag was aware of your devotion.
One of your tentacles had grown a beastly spike.
You visited 2 branches of the dungeon, and saw 7 of its levels.
You also visited: Sewer.

You collected 322 gold pieces.
You paid 36 gold pieces to Gozag.

Inventory:

Armour
 e - an orb of wrath
Jewellery
 k - a ring of ice (left tentacle)
 o - a ring of see invisible (right tentacle)
 y - a +6 ring of strength (on tentacle)
Wands
 m - a wand of flame (10)
Scrolls
 l - a scroll of blinking
 p - a scroll of fog
 q - a scroll of magic mapping
 r - 2 scrolls of amnesia
 t - a scroll of immolation
 v - a scroll of fear
 w - a scroll of brand weapon
Potions
 a - a potion of magic
 b - 3 potions of attraction
 c - 2 potions of brilliance
 d - a potion of haste
 f - 2 potions of degeneration
 g - a potion of curing
 h - a potion of invisibility {unknown}
 i - a potion of mutation {unknown}
 j - a potion of lignification
 n - a potion of might {unknown}
 s - 2 potions of berserk rage {unknown}
 x - a potion of flight {unknown}
 z - 2 potions of resistance {unknown}


   Skills:
 - Level 1.0 Fighting
 - Level 2.5 Dodging
 - Level 4.1 Unarmed Combat
 - Level 2.0 Spellcasting
 + Level 5.5 Transmutations
 * Level 5.0 Ice Magic


You had 3 spell levels left.
You knew the following spells:

 Your Spells              Type           Power      Damage    Failure   Level
a - Beastly Appendage     Tmut           38%        N/A       2%          1
b - Ice Form              Ice/Tmut       27%        N/A       24%         4
c - Wereblood             Tmut           19%        N/A       3%          2

Your spell library contained the following spells:

 Spells                   Type           Power      Damage    Failure   Level
 Passwall                 Tmut/Erth      8%         N/A       10%         2
 Ensorcelled Hibernation  Hex/Ice        28%        N/A       11%         2
 Necrotise                Necr           4%         1d4       21%         1
 Spider Form              Tmut/Pois      10%        N/A       21%         3
 Poisonous Vapours        Pois/Air       2%         N/A       30%         2
 Sublimation of Blood     Necr           1%         N/A       30%         2
 Swiftness                Air            1%         N/A       52%         3
 Vampiric Draining        Necr           1%         2d6       52%         3
 Petrify                  Tmut/Erth      10%        N/A       54%         4
 Irradiate                Conj/Tmut      5%         3d13      88%         5
 Anguish                  Hex/Necr       0%         N/A       90%         4
 Agony                    Necr           1%         N/A       99%         5
 Corpse Rot               Necr/Pois/Air  Unusable   N/A       N/A         4

Dungeon Overview and Level Annotations

Branches:
Dungeon (6/15)             Temple (1/1) D:4           Sewer (visited)

Altars:
Ashenzari
Cheibriados
Dithmenos
Elyvilon
Fedhas
Gozag
Hepliaklqana
Kikubaaqudgha
Makhleb
Okawaru
Qazlal
Ru
Sif Muna
Trog
Uskayaw
Vehumet
Wu Jian
Xom
Yredelemnul
Zin
The Shining One

Annotations:
D:4 2 transporters


Innate Abilities, Weirdness & Mutations

One of your tentacles has grown a beastly spike.
You cannot wear most types of armour.
You are amphibious.
You can wear up to eight rings at the same time.
Your skin changes colour to match your surroundings (Stealth+).
Your rubbery body absorbs attacks. (AC +1, EV +1)
((You are camouflaged when in or above water. (Stealth+)))
You have tentacles for arms and can constrict up to eight enemies at once.


Message History

You tentacle-slap the scorpion.
The scorpion is lightly wounded.
The scorpion stings you.
The orc wizard casts a spell.
The orc wizard flickers and vanishes for a moment.
The scorpion closely misses you.
Items here: $ ( ) [.
You're too confused to move!
The scorpion stings you.
You feel better. The scorpion stings you. The orc wizard barely misses you.
The orc priest is distracted by your dazzling golden aura.
The orc priest is no longer distracted by gold.
The scorpion barely misses you.
The orc wizard attacks as you move away!
The orc wizard hits you with a +0 dagger.
The orc wizard is distracted by your dazzling golden aura.
The scorpion attacks as you move away! The scorpion stings you.
You are poisoned.
The scorpion poisons you! The ufetubus attacks as you move away!
The ufetubus misses you. The ufetubus hits you.
You feel sick. The ufetubus attacks as you move away!
The ufetubus closely misses you. The ufetubus hits you.
You feel sick.
The orc wizard is no longer distracted by gold.
The orc wizard is distracted by your dazzling golden aura.
The ufetubus hits you. x2
The ufetubus attacks as you move away! The ufetubus barely misses you.
The ufetubus hits you.
You feel sick.
The orc priest invokes the aid of Beogh against you.
Beogh smites you!
The orc wizard shouts!
You feel sick. The ufetubus hits you.
* * * LOW HITPOINT WARNING * * *
The ufetubus barely misses you. The scorpion closely misses you.
There is a stone staircase leading up here.
You feel sick.
The orc wizard is no longer distracted by gold.
The ufetubus hits you.
* * * LOW HITPOINT WARNING * * *
The ufetubus barely misses you. The scorpion stings you!
You die...
Your body crumbles into a pile of gold.

###########
##.....#....
##...@....... .##
#....5s.)....
...#....o....... .
#.#............
..##..............
#...##.....o..$.!.
.....##/..........
.......#$....#./..
...##........$...


You could see a scorpion, an orc priest, an orc wizard (invisible) and an
ufetubus.

Vanquished Creatures
  A bullfrog (Sewer)
  2 scorpions (D:5)
  A necrophage (D:5)
  2 hounds
  3 iguanas
  3 orc wizards (D:4)
  11 adders
  A shadow imp (D:5)
  4 worms
  2 dart slugs (D:1)
  15 orcs
  5 bats
  6 endoplasms
  8 giant cockroaches
  5 goblins
  4 hobgoblins
  6 jackals (D:1)
  8 quokkas
  7 ball pythons
  10 frilled lizards
  6 kobolds
  8 rats
118 creatures vanquished.

Notes
Turn   | Place    | Note
-------+----------+-------------------------------------------
     0 | D:1      | Icepheonix32 the Octopode Transmuter began the quest for
                  | the Orb.
     0 | D:1      | Reached XP level 1. HP: 13/13 MP: 3/3
   250 | D:1      | Reached XP level 2. HP: 18/18 MP: 3/5
   457 | D:1      | Reached XP level 3. HP: 23/23 MP: 6/6
  1424 | D:2      | Reached XP level 4. HP: 23/28 MP: 5/7
  1940 | D:3      | Learned a level 4 spell: Ice Form
  1943 | D:3      | Learned a level 2 spell: Wereblood
  2269 | D:3      | Reached skill level 1 in Ice Magic
  2291 | D:3      | Found a glowing drain.
  2295 | Sewer    | Entered a sewer
  2356 | Sewer    | Reached XP level 5. HP: 20/33 MP: 8/8
  2788 | Sewer    | Reached XP level 6. HP: 34/38 MP: 7/9
  3079 | D:3      | Found a faded altar of an unknown god.
  3666 | D:4      | Found a staircase to the Ecumenical Temple.
  3677 | Temple   | Entered the Ecumenical Temple
  3812 | Temple   | Became a worshipper of Gozag Ym Sagoz the Greedy
  4167 | D:4      | Found a transporter.
  4169 | D:4      | Found a transporter.
  4187 | D:4      | HP: 1/38 [orc/+0 trident of pain (7)]
  4867 | D:4      | Found a white marble altar of Elyvilon.
  4871 | D:4      | Found a sacrificial altar of Ru.
  4872 | D:4      | Found a radiant altar of Vehumet.
  4874 | D:4      | Found an ornate altar of the Wu Jian Council.
  4874 | D:4      | Found a glowing silver altar of Zin.
  4875 | D:4      | Found a basalt altar of Yredelemnul.
  4882 | D:4      | Found a broken altar of Ashenzari.
  5250 | D:5      | Entered Level 5 of the Dungeon
  5547 | D:5      | Reached XP level 7. HP: 35/43 MP: 8/10
  5631 | D:5      | Reached skill level 5 in Transmutations
  6922 | D:5      | Reached skill level 5 in Ice Magic
  7125 | D:6      | Slain by a scorpion

Illustrated notes

Levels and vault maps discovered:
D:1:      scummos_arrival_simple_fountains, layout_loops_corners, minivault_27,
          hangedman_decor_riveting
D:2:      layout_basic
D:3:      layout_rooms, hellmonk_ecumenical_altar_defaced_shrine,
          gup_sewer_entry_spiral, minmay_cupped
D:4:      gammafunk_wand_slinger, layout_cave_pods,
          nicolae_overflow_hallway_of_the_gods, minmay_temple_entry_antechambers
D:5:      layout_layer_cave
D:6:      layout_rooms, serial_shops,
          nicolae_shop_temple_entry_statues_fountains, corexii_hall_statues_s,
          minmay_misc_feat_room
Temple:   eino_temple_water

Skill      XL: |  1  2  3  4  5  6  7 |
---------------+----------------------+-----
Unarmed Combat | 4 |  4.1
Transmutations | 3 4 5 |  5.5
Ice Magic      | 1 3 4 5 |  5.0
Fighting       | |  1.0
Dodging        | |  2.5
Spellcasting   | |  2.0

Action                   |  1- 3 |  4- 6 |  7- 9 || total
-------------------------+-------+-------+-------++-------
Melee: Unarmed           |    82 |   162 |    44 ||   288
       Constrict         |    14 |    45 |    13 ||    72
       Kick              |    13 |    39 |    18 ||    70
       Tentacles         |     8 |    29 |     6 ||    43
       Punch             |     2 |     5 |       ||     7
 Cast: Beastly Appendage |    19 |    26 |     6 ||    51
       Wereblood         |       |     3 |       ||     3
  Use: Potion            |     1 |     5 |     1 ||     7
       Scroll            |       |    11 |     2 ||    13
 Stab: Sleeping          |     8 |     4 |     2 ||    14
Armor: Skin              |    20 |    12 |     3 ||    35
Dodge: Dodged            |    29 |    99 |    32 ||   160
